[Event "Early-Titled-Tuesday-Blitz-September-12-2023"]
[Site "Chess.com"]
[Date "2023.09.12"]
[Round "2"]
[White "GM4life"]
[Black "reniite"]
[Result "1-0"]
[WhiteElo "2537"]
[BlackElo "2352"]
[TimeControl "180+1"]
[EndTime "8:18:05 PDT"]
[Termination "GM4life won by resignation"]

1. c4 e6 2. d4 d5 3. g3 Nf6 4. Bg2 Be7 5. Nf3 O-O 6. O-O dxc4 7. Qc2 b6 8. Nbd2 Bb7 9. Nxc4 c5 10. dxc5 Bxc5 11. Bg5 Nbd7 12. Rad1 Qc8 13. e3 h6 14.
Bxf6 Nxf6 15. a3 Ba6 16. Nfe5 Nd5 17. Rxd5 exd5 18. Bxd5 Bb7 19. e4 b5 20. Na5 Bxd5 21.
exd5 Bd6 22. Nac6 Qc7 23. Nf3 a5 24. Nfd4 b4 25. a4 Rac8 26. Re1 Rfe8 27. Rxe8+ Rxe8 28. Nb5 Qd7 29. Kg2 Bb8 30. Qc4 g6 31. Nxa5 Re5 32. Nc6 Re8 33. a5 Be5 34. a6 Bxb2 35. a7 Ba3 36.
Nb8 Qb7 37. Qc6 Qxc6 38. dxc6 b3 39. Nxa3 1-0

[Event "Early-Titled-Tuesday-Blitz-September-12-2023"]
[Site "Chess.com"]
[Date "2023.09.12"]
[Round "2"]
[White "Semetey"]
[Black "KatakuriDono"]
[Result "0-1"]
[WhiteElo "2511"]
[BlackElo "2329"]
[TimeControl "180+1"]
[EndTime "8:18:05 PDT"]
[Termination "KatakuriDono won on time"]

1. c4 c5 2. g3 g6 3. Bg2 Bg7 4. Nc3 Nc6 5. b3 e5 6. Bb2 Nge7 7. e3 O-O 8. Nge2 d6 9. d3 f5 10.
Qd2 a5 11. a3 Qb6 12. Rb1 Qd8 13. O-O Be6 14. Nd5 h6 15. f4 a4 16. b4 cxb4 17.
Nxb4 Nxb4 18. Qxb4 d5 19. Bxe5 Bxe5 20. fxe5 dxc4 21.
dxc4 Rc8 22. Rfd1 Qe8 23. Bd5 Nc6 24. Qd6 Bxd5 25. Qxd5+ Kh8 26. Rxb7 Nxe5 27. Nf4 Nxc4 28. Qd4+ Ne5 29. Qxe5+ Qxe5 30. Nxg6+ Kg8 31. Nxe5 Rfe8 32. Ng6 Red8 33. Ne7+ Kf8 34. Ng6+ Kg8 35. Rxd8+ Rxd8 36. Ne7+ Kf8 37. Nxf5 Rd3 0-1

[Event "Early-Titled-Tuesday-Blitz-September-12-2023"]
[Site "Chess.com"]
[Date "2023.09.12"]
[Round "2"]
[White "Dom1nant1337"]
[Black "SantoBlue"]
[Result "0-1"]
[WhiteElo "2594"]
[BlackElo "2923"]
[TimeControl "180+1"]
[EndTime "8:18:08 PDT"]
[Termination "SantoBlue won by checkmate"]

1. d4 d6 2. g3 c5 3. dxc5 Qa5+ 4. Nc3 Qxc5 5. Bg2 Nf6 6. Nf3 g6 7. O-O Bg7 8. Bg5 Nbd7 9. Qd2 O-O 10. Bh6 Rb8 11. Bxg7 Kxg7 12. a4 b6 13. Nd4 Bb7 14. Nb3 Qh5 15. Bxb7 Rxb7 16. a5 Rc8 17. axb6 Nxb6 18.
Na5 Rbc7 19. Qd4 Nc4 20. Nxc4 Rxc4 21. Qxa7 Qh3 22. f3 R8c5 23. Qxe7 Rg5 24. Rf2 Rh4 25. Rg2 Re5 26. Qxd6 Rhh5 27. Ra7 Qc8 28. Qc7 Qf8 29. e4 Ne8 30. Qd7 Qc5+ 31. Kf1 Nd6 32. Rd2 Qe3 33.
Qxd6 Qxf3+ 34. Rf2 Qh1+ 35. Ke2 Rxe4+ 36. Nxe4 Qxe4+ 37. Kf1 Qh1+ 38. Ke2 Qe4+ 39. Kd2 Rd5+ 40. Qxd5 Qxd5+ 41. Kc1 Qe4 42. Raxf7+ Kh6 43. R7f4 Qe1# 0-1

[Event "Early-Titled-Tuesday-Blitz-September-12-2023"]
[Site "Chess.com"]
[Date "2023.09.12"]
[Round "2"]
[White "hansen"]
[Black "sergeikim"]
[Result "0-1"]
[WhiteElo "2873"]
[BlackElo "2586"]
[TimeControl "180+1"]
[EndTime "8:18:08 PDT"]
[Termination "sergeikim won on time"]

1. g3 Nf6 2. Bg2 g6 3. b3 Bg7 4. Bb2 O-O 5. e3 d6 6. Ne2 e5 7.
d3 c6 8. h3 Nbd7 9. Nd2 d5 10.
a3 Qe7 11. b4 e4 12. Nb3 Ne5 13. O-O Re8 14. Kh1 h5 15. Nf4 Bf5 16. Nd4 Bd7 17.
f3 exd3 18. cxd3 Rad8 19. e4 Bc8 20. Nfe2 dxe4 21. dxe4 Nc4 22. Bc1 Nd7 23. f4 c5 24.
bxc5 Nxc5 25. e5 Ne6 26. Qd3 Nxd4 27. Nxd4 Qc5 28. Nb3 Rxd3 29. Nxc5 Rxg3 30. Kh2 Rc3 31. Ra2 b6 32. Ne4 Rb3 33. Rc2 b5 34. Re1 Bf5 35. a4 a6 36. axb5 axb5 37. Ra2 Rd8 38. Ng5 Rb1 39.
Rg1 Bh6 0-1

[Event "Early-Titled-Tuesday-Blitz-September-12-2023"]
[Site "Chess.com"]
[Date "2023.09.12"]
[Round "2"]
[White "AlexanderL"]
[Black "arminmusovic"]
[Result "1-0"]
[WhiteElo "2853"]
[BlackElo "2558"]
[TimeControl "180+1"]
[EndTime "8:18:08 PDT"]
[Termination "AlexanderL won by resignation"]

1. Nf3 d5 2. e3 Nf6 3. c4 c5 4.
cxd5 Nxd5 5. Nc3 a6 6. Qb3 e6 7.
d4 Nc6 8. Be2 Be7 9. O-O O-O 10.
Nxd5 exd5 11. dxc5 Bxc5 12. Rd1 Be6 13. Qc3 Bb4 14.
Qd3 h6 15. Bd2 Bxd2 16. Qxd2 Qb6 17. Nd4 Rad8 18. Rac1 Ne5 19. Rc3 Rd7 20. b3 Rfd8 21. Rdc1 Qd6 22. f4 Nc6 23. Nxc6 bxc6 24. Rxc6 Qb8 25.
Qd4 a5 26. Bd3 Re7 27. f5 Bd7 28. f6 Re4 29. Bxe4 Bxc6 30. Bf5 Be8 31. fxg7 Qd6 32. h4 Qg3 33. Rf1 Qxg7 34. Qxg7+ Kxg7 35. Rf4 Rb8 36. Rd4 Bc6 37. Kf2 Kf6 38. Bd3 a4 39.
b4 a3 40. g4 Ke5 41. Ke2 Ba4 42.
Kd2 Bb3 43. b5 Bxa2 44. Ra4 Bc4 45. Ra5 a2 46. Bxc4 dxc4 47. Kc3 Ke4 48. Kxc4 Kxe3 49.
Rxa2 Kf4 50. Rg2 Kf3 51. Rg1 Kf2 52. Rd1 Kg3 53. g5 Kxh4 54. gxh6 Kg5 55. h7 Rh8 56. Rh1 f5 57. b6 f4 58. b7 f3 59.
Kd3 Kf4 60. b8=Q+ Rxb8 61. h8=Q Rxh8 62. Rxh8 Kg3 63. Ke3 1-0

[Event "Early-Titled-Tuesday-Blitz-September-12-2023"]
[Site "Chess.com"]
[Date "2023.09.12"]
[Round "2"]
[White "andrzej"]
[Black "Akewjon"]
[Result "0-1"]
[WhiteElo "2415"]
[BlackElo "2724"]
[TimeControl "180+1"]
[EndTime "8:18:08 PDT"]
[Termination "Akewjon won on time"]

1. e4 e5 2. Nf3 Nc6 3. Bb5 a6 4. Ba4 Nf6 5. O-O Bc5 6. c3 b5 7. Bb3 d6 8. a4 Rb8 9. h3 O-O 10. d4 Bb6 11. Be3 Re8 12. Nbd2 h6 13. Qe2 Bd7 14. Bc2 exd4 15. cxd4 Ne7 16. Rfd1 Ng6 17. Bd3 Bc6 18. axb5 axb5 19. d5 Bd7 20. Bxb6 Rxb6 21. Qf1 Nf4 22. Re1 Nh7 23. Nd4 Nxh3+ 24. gxh3 Qg5+ 25.
Qg2 Qxd2 26. Rad1 Qxb2 27. e5 Ng5 28. e6 fxe6 29. dxe6 Nxe6 30. Qg6 Nf8 31. Rxe8 Bxe8 32. Qxe8 d5 33. Kh1 Qxf2 0-1

[Event "Early-Titled-Tuesday-Blitz-September-12-2023"]
[Site "Chess.com"]
[Date "2023.09.12"]
[Round "2"]
[White "Hanging_pointer"]
[Black "Quattroporte300"]
[Result "1-0"]
[WhiteElo "2590"]
[BlackElo "2390"]
[TimeControl "180+1"]
[EndTime "8:18:09 PDT"]
[Termination "Hanging_pointer won by resignation"]

1. d4 Nf6 2. c4 g6 3. Nc3 Bg7 4.
e4 O-O 5. f3 d6 6. Be3 e5 7. Nge2 a5 8. Qd2 Nc6 9. O-O-O a4 10.
Kb1 Bd7 11. a3 Na5 12. Nc1 Re8 13. g4 c6 14. dxe5 Rxe5 15. Qxd6 Re6 16. Qd2 h6 17. h4 Re7 18. g5 Nh5 19. Bh3 Nxc4 20. Qd3 Nxe3 21.
Qxe3 Qe8 22. Bxd7 Rxd7 23. gxh6 Be5 24. N1e2 b5 25. f4 Bh8 26. e5 Rad8 27. Rxd7 Rxd7 28.
Ne4 Qd8 29. N2c3 f5 30. Ng5 Rd3 31. Qa7 Rd7 32. Qc5 Nxf4 33. Qxc6 Bxe5 34. h7+ Kh8 35.
Nxb5 Ne2 36. Qc4 Rd1+ 37. Rxd1 Qxd1+ 38. Ka2 Qb3+ 39. Qxb3 Nc1+ 40. Kb1 Nxb3 41. Nf7+ Kxh7 42. Nxe5 f4 43. Nc3 Nd2+ 44. Kc2 Nf1 45. Nxa4 Ne3+ 46. Kd3 Kg7 47. b4 Kf6 48. Nf3 Nd5 49. Nc3 Nb6 50. a4 1-0

[Event "Early-Titled-Tuesday-Blitz-September-12-2023"]
[Site "Chess.com"]
[Date "2023.09.12"]
[Round "2"]
[White "AleksandraMilovic"]
[Black "jup1978"]
[Result "0-1"]
[WhiteElo "2118"]
[BlackElo "2469"]
[TimeControl "180+1"]
[EndTime "8:18:10 PDT"]
[Termination "jup1978 won on time"]

1. e4 e5 2. Nf3 Nf6 3. Nxe5 d6 4. Nf3 Nxe4 5. Nc3 Nxc3 6. dxc3 Nc6 7. Be3 Be7 8. Qd2 Be6 9. O-O-O a6 10. Kb1 h6 11.
Nd4 Nxd4 12. cxd4 d5 13. Bd3 Qd7 14. Rhe1 O-O-O 15. h3 Rhe8 16. g4 f5 17. f3 g5 18. c3 Bd6 19. Qc2 Rf8 20. Bf2 fxg4 21. fxg4 Kb8 22. Re2 Rde8 23. Rde1 Bf7 24. Bf5 Qd8 25.
Qd3 Rxe2 26. Rxe2 Re8 27. Rxe8 Qxe8 28. Qe3 Bf4 29. Qxe8+ Bxe8 30. Kc2 c6 31. Kd3 Kc7 32. b3 Kd6 33. c4 dxc4+ 34. bxc4 b5 35. cxb5 cxb5 36.
Be1 Kc6 37. Ba5 Bf7 38. a3 Bc4+ 39. Kc3 Bg3 40. Kd2 Kd5 41. Ke3 Bf4+ 42. Kf3 Kxd4 43. Bc8 Bd5+ 44. Kf2 Be3+ 45. Kg3 Bc1 46. Bb4 a5 47. Bxa5 Bxa3 48. Bd8 b4 49. Be7 Kc4 50. Ba6+ Kc3 51. h4 Bc1 52. hxg5 Bxg5 53. Bf8 b3 0-1

[Event "Early-Titled-Tuesday-Blitz-September-12-2023"]
[Site "Chess.com"]
[Date "2023.09.12"]
[Round "2"]
[White "IMSlavin"]
[Black "Lady_Nika"]
[Result "0-1"]
[WhiteElo "2191"]
[BlackElo "2482"]
[TimeControl "180+1"]
[EndTime "8:18:11 PDT"]
[Termination "Lady_Nika won by resignation"]

1. e4 c5 2. g3 Nc6 3. Bg2 g6 4. Ne2 Bg7 5. O-O e6 6. Nbc3 Nge7 7. a3 O-O 8. Rb1 a5 9. d3 d5 10. exd5 Nxd5 11. Nxd5 exd5 12. Bf4 Bg4 13. h3 Bxe2 14. Qxe2 Re8 15. Qd2 Qd7 16. Rbe1 Nd4 17. c3 Ne6 18.
Be5 d4 19. c4 Re7 20. Bxg7 Kxg7 21. Re5 Qc7 22. Rfe1 Rae8 23. Bd5 Nd8 24. Rxe7 Rxe7 25. Rxe7 Qxe7 26. Qxa5 Qd6 27. Qe1 Kf6 28. Kg2 h5 29. b4 b6 30. b5 Qc7 31. a4 Qa7 32.
Qe8 Ne6 33. Qc6 g5 34. a5 Qxa5 35. Qd6 Qa7 36. Bf3 h4 37. gxh4 gxh4 38. Bg4 Qc7 39. Qc6 Ke7 40. Bxe6 Qxc6+ 41. bxc6 Kxe6 42. Kf3 Kd6 43. Kg4 Kxc6 44. Kxh4 b5 45. cxb5+ Kxb5 46. Kg4 c4 47.
dxc4+ Kxc4 48. Kf3 d3 49. Ke3 Kc3 50. h4 d2 0-1

[Event "Early-Titled-Tuesday-Blitz-September-12-2023"]
[Site "Chess.com"]
[Date "2023.09.12"]
[Round "2"]
[White "fireheart92"]
[Black "Alexei_Gubajdullin"]
[Result "1-0"]
[WhiteElo "2964"]
[BlackElo "2623"]
[TimeControl "180+1"]
[EndTime "8:18:12 PDT"]
[Termination "fireheart92 won by checkmate"]

1. b3 Nf6 2. Bb2 g6 3. Nf3 Bg7 4. g3 O-O 5. Bg2 d6 6. d4 Nc6 7. O-O a5 8. c4 a4 9. bxa4 Na5 10.
Nbd2 Bf5 11. Nh4 Be6 12. d5 Bd7 13. Bc3 b6 14. e4 Nb7 15. e5 Ng4 16. Qe2 Nxe5 17.
h3 f5 18. f4 Nf7 19. Bxg7 Kxg7 20. Rfe1 Re8 21. Nb3 Nc5 22. a5 Nxb3 23. axb3 Rxa5 24. Rxa5 bxa5 25. Ra1 e5 26. dxe6 Rxe6 27. Qb2+ Qf6 28.
Qxf6+ Kxf6 29. Kf2 a4 30. bxa4 Re8 31. a5 c6 32. Nf3 Ra8 33. Nd4 Ra6 34. c5 d5 35.
Bf1 Ra7 36. a6 Nd8 37. Rb1 Ke7 38. Rb8 h6 39. Ke3 Ke8 40. Be2 Ke7 41. g4 fxg4 42. hxg4 g5 43. fxg5 hxg5 44. Bd3 Nf7 45. Rb7 Ra8 46.
Nxc6+ Ke6 47. Bf5+ Kf6 48. Rxd7 Rxa6 49. Nb4 Ra3+ 50.
Kd4 Ra4 51. Kc3 Ne5 52. Nxd5# 1-0

[Event "Early-Titled-Tuesday-Blitz-September-12-2023"]
[Site "Chess.com"]
[Date "2023.09.12"]
[Round "2"]
[White "Evgeny81"]
[Black "DTChess"]
[Result "1-0"]
[WhiteElo "2756"]
[BlackElo "2476"]
[TimeControl "180+1"]
[EndTime "8:18:12 PDT"]
[Termination "Evgeny81 won on time"]

1. e4 e5 2. Nf3 Nc6 3. Bb5 a6 4. Ba4 Nf6 5. O-O b5 6. Bb3 Be7 7. d4 d6 8. c3 O-O 9. h3 exd4 10.
cxd4 Na5 11. Bc2 c5 12. d5 Nd7 13. Nbd2 Bf6 14. Re1 Re8 15. Nf1 Nc4 16. Rb1 Nce5 17. N3h2 g6 18. b3 Nb6 19. f4 Ned7 20. Ng4 Bg7 21. Nfh2 Nf6 22. Nxf6+ Bxf6 23. f5 Ra7 24. Ng4 Bd4+ 25. Kh1 Nd7 26. Rf1 Ne5 27. Nh6+ Kg7 28. f6+ Kh8 29. Bg5 a5 30. Qe1 a4 31. Qh4 axb3 32. axb3 Ra2 33. Bf4 Qc7 34. Bd1 c4 35.
bxc4 bxc4 36. Bg4 Bxg4 37. Nxg4 Nxg4 38. hxg4 Rg8 39. Rf3 g5 40. Bxg5 1-0

[Event "Early-Titled-Tuesday-Blitz-September-12-2023"]
[Site "Chess.com"]
[Date "2023.09.12"]
[Round "2"]
[White "Kaua18"]
[Black "giomar27"]
[Result "1-0"]
[WhiteElo "2504"]
[BlackElo "2267"]
[TimeControl "180+1"]
[EndTime "8:18:12 PDT"]
[Termination "Kaua18 won on time"]

1. e4 e5 2. Nc3 Nf6 3. d4 exd4 4. Qxd4 Nc6 5. Qd2 Bb4 6. Bd3 O-O 7. Nge2 Re8 8. a3 Bxc3 9. Qxc3 d5 10. exd5 Nxd5 11. Qc4 Be6 12. O-O Ne3 13. Qe4 Bf5 14. Qxe8+ Qxe8 15. Bxe3 Bxd3 16. cxd3 Rd8 17. d4 Ne7 18. Bg5 f6 19. Bd2 Nd5 20. Rfe1 Qb5 21. Rab1 Re8 22. Nc3 Rxe1+ 23. Bxe1 Nxc3 24. Bxc3 Kf7 25. Re1 a5 26. f3 b6 27. Kf2 Qd5 28. Re4 g5 29. g4 Qb3 30. Kg3 Qc2 31. Re3 Qd1 32. Re1 Qd3 33. Kf2 Qc2+ 34. Re2 Qb3 35. Kg3 Qa4 36. h4 b5 37.
hxg5 fxg5 38. Re5 b4 39. axb4 axb4 40. Bd2 h6 41. Rc5 Qd1 42. Rxc7+ Ke6 43. Be3 Qe2 44. Bc1 Qf1 45. Be3 Qe2 46. Bc1 Kd5 47. Rd7+ Kc4 48. d5 Qe1+ 49. Kg2 Qxc1 50. Rc7+ 1-0

[Event "Early-Titled-Tuesday-Blitz-September-12-2023"]
[Site "Chess.com"]
[Date "2023.09.12"]
[Round "2"]
[White "ChainedDowntohell"]
[Black "TimofeevAr"]
[Result "0-1"]
[WhiteElo "2556"]
[BlackElo "2854"]
[TimeControl "180+1"]
[EndTime "8:18:13 PDT"]
[Termination "TimofeevAr won on time"]

1. e4 e6 2. d4 d5 3. Nd2 Nc6 4.
Ngf3 Nf6 5. e5 Nd7 6. Nb3 a5 7. a4 Be7 8. Bb5 O-O 9. Bf4 f6 10. Bxc6 bxc6 11. O-O c5 12. Re1 c4 13. Nbd2 Ra6 14.
exf6 gxf6 15. b3 cxb3 16. Nxb3 c5 17. Qe2 Rf7 18. Bg3 cxd4 19. Nfxd4 Nf8 20. Qf3 Ng6 21. Nb5 e5 22. Rad1 Be6 23. c4 d4 24. N3xd4 exd4 25. Qb7 Bc8 26. Qb8 Rb6 27. Qa8 Ra6 28. Qb8 Rb6 29. Qa8 Bb7 30. Qa7 Bc5 31. Bc7 Rxc7 32. Nxc7 Qxc7 33. Re8+ Kg7 34. Rde1 Qc6 35.
f3 d3+ 36. Kf1 d2 37. Rd1 Qxe8 0-1

[Event "Early-Titled-Tuesday-Blitz-September-12-2023"]
[Site "Chess.com"]
[Date "2023.09.12"]
[Round "2"]
[White "Nf3c5"]
[Black "Murad_Ibrahimli"]
[Result "0-1"]
[WhiteElo "2581"]
[BlackElo "2907"]
[TimeControl "180+1"]
[EndTime "8:18:14 PDT"]
[Termination "Murad_Ibrahimli won on time"]

1. e4 e6 2. d4 d5 3. e5 c5 4. c3 Nc6 5. Nf3 Qb6 6. Bd3 Bd7 7.
O-O cxd4 8. Re1 h6 9. h4 g6 10. Nbd2 dxc3 11. bxc3 Nge7 12. Rb1 Qc7 13. c4 Bg7 14.
Ba3 O-O 15. Bd6 Qc8 16. c5 Re8 17. Qb3 b6 18. Rec1 Nf5 19. cxb6 axb6 20. Qxb6 Nxd6 21. exd6 Rb8 22. Qc7 Rxb1 23. Rxb1 Qxc7 24. dxc7 Rc8 25. Rb7 Kf8 26. Nb3 Ke7 27. Nc5 Be8 28. Bb5 Kd6 29. Na6 Bd7 30. a4 Bc3 31. Kf1 Ba5 32. Bxc6 Bxc6 33. Rb8 Bd7 34. Nd4 e5 35. Nb5+ Ke7 0-1

[Event "Early-Titled-Tuesday-Blitz-September-12-2023"]
[Site "Chess.com"]
[Date "2023.09.12"]
[Round "2"]
[White "YairParkhov"]
[Black "Rsnr"]
[Result "0-1"]
[WhiteElo "2588"]
[BlackElo "2918"]
[TimeControl "180+1"]
[EndTime "8:18:15 PDT"]
[Termination "Rsnr won by resignation"]

1. d4 d5 2. Nf3 Nf6 3. Bf4 c5 4. e3 Nc6 5. Nbd2 cxd4 6. exd4 Bf5 7. c3 e6 8. Qb3 Bd6 9. Qxb7 Bxf4 10. Qxc6+ Kf8 11.
Qa6 g6 12. Bd3 Ne4 13. Bxe4 dxe4 14. g3 exf3 15. gxf4 Qc7 16. O-O-O Qxf4 17. Rhe1 g5 18. Re5 g4 19. Rde1 Qxh2 20. Qd6+ Kg7 21. Qe7 Qf4 22.
Qh4 f6 23. R5e4 Qg5 24. Qg3 h5 25. Qc7+ Kg6 26. Rxe6 Bxe6 27. Rxe6 Rae8 28. Qc6 Rxe6 29. Qxe6 Qf5 30. Qe7 h4 31. Nc4 g3 32. Nd6 Qg5+ 33. Kc2 gxf2 34. Qe4+ Kg7 35. Qe7+ Kg6 36. Qe4+ f5 37. Qxf3 h3 38. Qxf2 h2 39. Ne4 fxe4 40. Qxh2 Rxh2+ 41. Kb3 0-1

[Event "Early-Titled-Tuesday-Blitz-September-12-2023"]
[Site "Chess.com"]
[Date "2023.09.12"]
[Round "2"]
[White "Egor_Koshulyan"]
[Black "ajedrezhoy"]
[Result "1-0"]
[WhiteElo "2734"]
[BlackElo "2415"]
[TimeControl "180+1"]
[EndTime "8:18:15 PDT"]
[Termination "Egor_Koshulyan won by checkmate"]

1. e4 Nf6 2. e5 Nd5 3. c4 Nb6 4. c5 Nd5 5. Bc4 e6 6. d4 b6 7. cxb6 axb6 8. Nf3 Ba6 9. b3 Bb4+ 10. Bd2 Bxd2+ 11. Nbxd2 O-O 12. O-O Bxc4 13. bxc4 Nb4 14.
a3 N4c6 15. d5 Na5 16. Qc2 Na6 17. Ne4 h6 18. Rad1 Qe7 19. d6 cxd6 20. exd6 Qd8 21.
Ne5 Rc8 22. Qe2 Nc5 23. Nc3 Nc6 24. f4 Qe8 25. Nb5 f6 26. Nxc6 Rxc6 27. Na7 Qa8 28. Nxc6 Qxc6 29. f5 e5 30. Rf3 Ne4 31. Qd3 Rc8 32.
Re3 Nc5 33. Qd5+ Qxd5 34. Rxd5 Ra8 35. Rd2 Ra4 36. Rb2 Ra6 37. Rb5 Kf7 38. Kf2 Ke8 39. Ke2 Kd8 40. Rg3 Ne4 41. Rxg7 Nc3+ 42. Kd3 Nxb5 43.
Rg8# 1-0

[Event "Early-Titled-Tuesday-Blitz-September-12-2023"]
[Site "Chess.com"]
[Date "2023.09.12"]
[Round "2"]
[White "GKARU"]
[Black "SamCopeland"]
[Result "1-0"]
[WhiteElo "2536"]
[BlackElo "2318"]
[TimeControl "180+1"]
[EndTime "8:18:15 PDT"]
[Termination "GKARU won on time"]

1. d4 d5 2. Nf3 Nf6 3. c4 c6 4.
Qc2 e6 5. Bg5 h6 6. Bh4 Nbd7 7.
Nbd2 g5 8. Bg3 Bg7 9. e3 Qa5 10.
a3 Nh5 11. Bd6 Bf8 12. b4 Qd8 13. Bxf8 Kxf8 14. Bd3 Kg7 15. g4 Nhf6 16. h4 Nxg4 17. Ke2 f5 18. Rag1 a5 19. b5 Ndf6 20. hxg5 hxg5 21.
Nxg5 Ne4 22. Rxh8 Qxh8 23. Bxe4 dxe4 24. Ngxe4 Kf7 25. c5 Bd7 26. Nd6+ Ke7 27. Nxb7 cxb5 28. c6 Qh2 29. Rxg4 fxg4 30. cxd7 g3 31. Qc5+ Kf7 32. Nd6+ Ke7 33. N6e4+ Kf7 34. Nxg3 Rd8 35. Qxb5 Ke7 36. Nde4 Rxd7 37. Nc5 Rd8 38. Qb6 1-0

[Event "Early-Titled-Tuesday-Blitz-September-12-2023"]
[Site "Chess.com"]
[Date "2023.09.12"]
[Round "2"]
[White "DeArron_Fox"]
[Black "LamaChampetre"]
[Result "1-0"]
[WhiteElo "2500"]
[BlackElo "2258"]
[TimeControl "180+1"]
[EndTime "8:18:16 PDT"]
[Termination "DeArron_Fox won on time"]

1. d4 Nf6 2. c4 g6 3. Nc3 d5 4. cxd5 Nxd5 5. e4 Nxc3 6. bxc3 Bg7 7. Be3 c5 8. Qd2 Qa5 9. Nf3 Nc6 10. Rc1 cxd4 11. cxd4 Qxd2+ 12. Kxd2 O-O 13. d5 Rd8 14. Bc4 Bg4 15. h3 Bxf3 16. gxf3 Ne5 17. Ke2 Nxc4 18. Rxc4 e6 19. dxe6 fxe6 20. Rc7 b5 21. Rhc1 a5 22. R1c6 Be5 23. Rb7 Rac8 24. Rxe6 Rc2+ 25. Kf1 Bg7 26. Bb6 Rf8 27. Bxa5 Rxa2 28. Rxb5 Bd4 29. Be1 Rxf3 30. Kg2 Rf8 31. Rb7 Bxf2 32. Bxf2 Raxf2+ 33. Kg3 R8f3+ 34. Kg4 Rf4+ 35. Kg5 Rf8 36. Ree7 1-0

[Event "Early-Titled-Tuesday-Blitz-September-12-2023"]
[Site "Chess.com"]
[Date "2023.09.12"]
[Round "2"]
[White "campochess"]
[Black "Schattman"]
[Result "0-1"]
[WhiteElo "2110"]
[BlackElo "2464"]
[TimeControl "180+1"]
[EndTime "8:18:16 PDT"]
[Termination "Schattman won by resignation"]

1. d4 Nf6 2. Bg5 c5 3. Bxf6 gxf6 4. d5 Qb6 5. Qc1 Bg7 6. Nc3 f5 7. e3 d6 8. Nge2 Nd7 9. g3 h5 10. h4 Nf6 11. Bg2 Ng4 12. O-O Bd7 13. a4 a5 14.
Ra3 Qc7 15. e4 Bh6 16. Qe1 O-O-O 17. Nc1 f4 18. Nb5 Bxb5 19. axb5 b6 20. Nd3 Rhg8 21. Bh3 Kb7 22. Kh1 fxg3 23. fxg3 f6 24. Nf4 Bxf4 25. gxf4 Rg7 26. e5 Rdg8 27. exf6 exf6 28. Qe6 Qe7 29. Bxg4 hxg4 30. f5 Rh8 31. Re3 Rxh4+ 32. Kg2 Qd8 33. Qe8 Qxe8 34. Rxe8 g3 35. Re3 Rh2+ 36.
Kf3 Rxc2 37. Rfe1 g2 38. Re7+ Rxe7 39. Rxe7+ Kc8 40. Rg7 Rxb2 41. Ke4 a4 42. Kd3 a3 43. Kc3 Rf2 44. Kb3 a2 45. Ra7 g1=Q 0-1

[Event "Early-Titled-Tuesday-Blitz-September-12-2023"]
[Site "Chess.com"]
[Date "2023.09.12"]
[Round "2"]
[White "Keithonsky"]
[Black "h4parah5"]
[Result "0-1"]
[WhiteElo "2616"]
[BlackElo "2948"]
[TimeControl "180+1"]
[EndTime "8:18:17 PDT"]
[Termination "h4parah5 won by resignation"]

1. d4 Nf6 2. c4 g6 3. Nc3 Bg7 4. e4 d6 5. h3 O-O 6. Be3 e5 7. Nf3 exd4 8. Nxd4 Re8 9. f3 c6 10. Bg5 Qb6 11. Nb3 d5 12. cxd5 cxd5 13. Bxf6 Qxf6 14.
Nxd5 Qxb2 15. Qc1 Nc6 16. Qxb2 Bxb2 17. Rb1 Be5 18. Bb5 Rd8 19. O-O Nd4 20. Nxd4 Bxd4+ 21. Kh2 Be6 22. Nc7 Bxa2 23. Nxa8 Bxb1 24. Rxb1 Rxa8 25.
Bc4 b6 26. Kg3 a5 27. Rd1 Rd8 28. Bd5 Bf6 29. f4 Kf8 30. Rb1 Bd4 31. Bc6 Bc5 32. Rb3 Rd2 33. h4 h5 34. f5 Ke7 35. fxg6 fxg6 36.
Rf3 Bd6+ 37. Kh3 Be5 38. Bd5 a4 39. Rf7+ Kd6 40. Ra7 b5 41. Ra6+ Kc5 42. Rxg6 a3 43.
Rc6+ Kd4 44. g3 Rd3 45. Kg2 Rxg3+ 46. Kf2 Rh3 47. Ra6 b4 48. Rc6 Bf4 49. Rc4+ Ke5 50. Rxb4 Rxh4 51. Ra4 Rh2+ 52. Kf3 Rh3+ 53. Kg2 Rg3+ 54.
Kf2 h4 55. Ra5 Kd4 56. Ra4+ Ke5 57. Ra5 Rc3 58. Bb7+ Kd6 59. Ra6+ Kc7 60. Bd5 h3 61. e5 Bxe5 62. Ke2 h2 63. Kd2 Rh3 64. Bh1 Rb3 65. Kc2 Rb2+ 66. Kd3 Rb1 67. Be4 h1=Q 68. Bxh1 Rxh1 69.
Ke4 Bd6 70. Kd5 Rh5+ 71. Kc4 Rh2 72. Kd5 Rd2+ 73. Kc4 Kb7 74. Ra4 Kb6 75. Ra8 Rh2 76. Kb3 Rb2+ 77. Kc4 Kb7 78. Ra4 Rb4+ 79. Rxb4+ Bxb4 80. Kb3 Kb6 0-1

[Event "Early-Titled-Tuesday-Blitz-September-12-2023"]
[Site "Chess.com"]
[Date "2023.09.12"]
[Round "2"]
[White "DenLaz"]
[Black "CheckThis4"]
[Result "1-0"]
[WhiteElo "3071"]
[BlackElo "2653"]
[TimeControl "180+1"]
[EndTime "8:18:20 PDT"]
[Termination "DenLaz won by resignation"]

1. d4 Nf6 2. c4 e5 3. dxe5 Ng4 4. Nf3 Nc6 5. Bf4 Bb4+ 6. Nbd2 Qe7 7. e3 Ngxe5 8. Nxe5 Nxe5 9. Be2 O-O 10. O-O Ng6 11. Bg3 Bd6 12. Bxd6 Qxd6 13. Qc2 Qe7 14. c5 d6 15. cxd6 Qxd6 16. Rfd1 Qe7 17. Nb3 Ne5 18.
Rac1 c6 19. Qc5 Qf6 20. Rd6 Be6 21. Nd4 Nd7 22. Qa3 Rad8 23. Bc4 Ne5 24. Rxd8 Rxd8 25.
Bxe6 fxe6 26. Qb3 Rd5 27. Qxb7 Nd3 28. Rf1 e5 29. Nxc6 Rd6 30. Ne7+ Kf8 31. Nd5 Qe6 32. Qb8+ Kf7 33. e4 Nf4 34. Qxa7+ Kg6 35. Qe3 Nxd5 36. exd5 Qxd5 37. b3 Qd4 38. Qg3+ Kf7 39. h3 Rf6 40.
Re1 e4 41. Qe3 Qxe3 42. Rxe3 Rf4 43. g3 Rf5 44. Rxe4 Rc5 45. a4 Rc1+ 46. Kg2 Rb1 47.
Rb4 1-0

[Event "Early-Titled-Tuesday-Blitz-September-12-2023"]
[Site "Chess.com"]
[Date "2023.09.12"]
[Round "2"]
[White "lolo9292"]
[Black "Bigfish1995"]
[Result "1-0"]
[WhiteElo "2197"]
[BlackElo "3046"]
[TimeControl "180+1"]
[EndTime "8:18:20 PDT"]
[Termination "lolo9292 won on time"]

1. d4 h6 2. e4 Rh7 3. Nc3 Rh8 4. Be3 e6 5. Bd3 d5 6. Qf3 c6 7. Nge2 Nd7 8. O-O a6 9. Rae1 Ne7 10. Nf4 Nf6 11. b3 Bd7 12. e5 Nh7 13. Na4 g6 14. c4 Bg7 15. h4 h5 16. Nh3 Nf5 17. Bxf5 exf5 18. Qg3 dxc4 19. bxc4 Be6 20. Nc5 Bxc4 21. Nxb7 Qd5 22. Nf4 Bxa2 23. Nd6+ Kd7 24. Nxd5 Bxd5 25. Rb1 Ra7 26. Bg5 Nf8 27. Rfc1 Ne6 28.
Qc3 Rha8 29. Nc4 Ke8 30. Nb6 Be4 31. Nxa8 Rxa8 32. Rb6 Rc8 33. Rxa6 Kf8 34. Qa3+ Kg8 35. Ra8 Rxa8 36. Qxa8+ Kh7 37. f3 Bd5 38. Qe8 Nxd4 39. Be3 Ne2+ 40. Kf2 Nxc1 41. Bxc1 c5 42. Bg5 c4 43.
Bf6 Be6 44. Bxg7 Kxg7 45. Qd8 Kh7 46. Ke3 Kg7 47. Kf4 Kh7 48. Kg5 Kg7 49. g4 fxg4 50.
fxg4 Bxg4 51. Qf6+ Kf8 52. Qd6+ Kg7 53. Qc6 Be6 54. Qc5 Bf5 55. Qxc4 Be6 56. Qc7 Bf5 57. Qe7 Be6 58. Qf6+ Kh7 59. Kf4 Bd5 60. Ke3 Be6 61. Kd4 Kg8 62. Kc5 Kf8 63. Kd6 1-0

[Event "Early-Titled-Tuesday-Blitz-September-12-2023"]
[Site "Chess.com"]
[Date "2023.09.12"]
[Round "2"]
[White "krstulov_alex"]
[Black "TRadjabov"]
[Result "1-0"]
[WhiteElo "2654"]
[BlackElo "3008"]
[TimeControl "180+1"]
[EndTime "8:18:21 PDT"]
[Termination "krstulov_alex won by resignation"]

1. d4 Nf6 2. Nf3 g6 3. c4 Bg7 4. Nc3 d6 5. e4 O-O 6. Be2 a6 7. O-O Nbd7 8. Re1 e5 9. Bg5 h6 10. Bh4 c6 11. Qd2 Qb6 12. Rad1 Re8 13. c5 dxc5 14.
dxe5 Ng4 15. h3 Ngxe5 16. Nxe5 Nxe5 17. f4 Nd7 18. e5 g5 19. fxg5 hxg5 20. Qxg5 Nxe5 21.
Bh5 c4+ 22. Kh1 Bd7 23. Ne4 Re6 24. Rxd7 Nxd7 25. Bxf7+ Kxf7 26. Qf5+ Kg8 27. Qxe6+ Kh8 28. Qxd7 Qxb2 29. Ng5 Rf8 30. Nf7+ Kg8 31. Re8 Qb1+ 32. Kh2 Qg6 33. Rxf8+ Bxf8 34. Ng5 Qd6+ 35. Qxd6 Bxd6+ 36. Bg3 Be7 37. Ne4 b5 38. Be1 Kf7 39. g4 Ke6 40. Kg2 Kd5 41. Kf3 b4 42. g5 a5 43.
g6 Ke6 44. h4 a4 45. h5 b3 46.
Bc3 a3 47. Nd2 bxa2 48. g7 Kf7 49. h6 Kg8 50. Nxc4 Kh7 51. Kg4 Bb4 52. Ba1 Be7 53. Kf5 Bd8 54. Ke6 Bg5 55. Kf7 1-0